 Dungeon Crawl Stone Soup version 0.20-a0-957-g47ad1fd (webtiles) character file.

481 Klosterheim the Conjurer (level 6, -3/32 HPs)
             Began as a Deep Elf Conjurer on Apr 5, 2017.
             Killed from afar by feelmyfire's ghost (6 damage)
             ... with a magic dart
             ... on level 5 of the Dungeon.
             The game lasted 00:12:27 (4924 turns).

Klosterheim the Conjurer (Deep Elf Conjurer)        Turns: 4924, Time: 00:12:28

Health: -3/32      AC:  3    Str:  5    XL:     6   Next: 87%
Magic:  2/17       EV: 14    Int: 22    God:
Gold:   138        SH:  0    Dex: 19    Spells: 7/17 levels left

rFire    + . .     SeeInvis .   k - +3 whip (venom)
rCold    + . .     Gourm    .   (no shield)
rNeg     . . .     Faith    .   i - +0 robe {Archmagi}
rPois    +         Spirit   .   (no helmet)
rElec    +         Reflect  .   (no cloak)
rCorr    +         Harm     .   o - +0 pair of gloves
MR       .....                  (no boots)
Stlth    ++........             (no amulet)
Regen    0.1/turn               n - +4 ring of dexterity
MPRegen  0.2/turn               (no ring)

@: resistant
A: no striking features
a: no special abilities


You were on level 5 of the Dungeon.
You were hungry.

You visited 1 branch of the dungeon, and saw 5 of its levels.

You collected 138 gold pieces.

Inventory:

Hand Weapons
 k - a +3 whip of venom (weapon)
Armour
 h - a cursed +0 buckler
 i - a +0 robe of the Archmagi (worn)
 o - a +0 pair of gloves (worn)
Jewellery
 n - a +4 ring of dexterity (left hand)
Scrolls
 d - a scroll of identify
Potions
 g - a potion of flight
Books
 b - a book of Conjurations

   Spells                             Type                      Level
   a - Magic Dart                     Conjuration                  1
   b - Searing Ray                    Conjuration                  2
   c - Dazzling Spray                 Conjuration/Hexes            3
   d - Fulminant Prism                Conjuration/Hexes            4
   e - Force Lance                    Conjuration/Translocation    4
   f - Iskenderun's Mystic Blast      Conjuration                  4
Comestibles
 c - 4 bread rations
 q - a royal jelly


   Skills:
 + Level 2.8 Dodging
 - Level 2.4 Stealth
 + Level 6.4 Spellcasting
 * Level 7.6 Conjurations


You had 7 spell levels left.
You knew the following spells:

 Your Spells              Type           Power        Failure   Level  Hunger
a - Magic Dart            Conj           ####         1%          1    None
b - Dazzling Spray        Conj/Hex       #####.       8%          3    #......
c - Searing Ray           Conj           ######       1%          2    None
d - Iskenderun's Mystic   Conj           ######..     4%          4    ###....


Dungeon Overview and Level Annotations

Branches:
Dungeon (5/15)
 Temple: D:4-7

Altars:
Trog

Annotations:
D:4 Koga's ghost, amateur GrFi
D:5 feelmyfire's ghost, novice DECj


Message History

Feelmyfire's ghost gestures at you while chanting.
The spray of energy misses you. Feelmyfire's ghost hits you.
You hit feelmyfire's ghost but do no damage.
Feelmyfire's ghost is almost destroyed.
Feelmyfire's ghost completely misses you.
It was a potion of resistance.
You feel protected.
Feelmyfire's ghost gestures at you while chanting.
The spray of energy hits you!
* * * LOW HITPOINT WARNING * * *
You are confused.
You feel better. Feelmyfire's ghost closely misses you.
You feel better. Feelmyfire's ghost hits you.
Feelmyfire's ghost gestures at you while chanting.
The orb of energy hits you!
* * * LOW HITPOINT WARNING * * *
Feelmyfire's ghost gestures at you while chanting.
The magic dart hits you!
You die...

≈≈ #≈ #. #.###
W..## #... #..#
#..#############
###..)...W..@....#
#.......########.#
#.##.##.# #.# #.
#.##.### #.# #
#......# #<# #
####.#.######.##.#
#.#...........#
..########.....#
#### #####.#


You could see feelmyfire's ghost.

Vanquished Creatures
  Sigmund (D:2)
  2 orc wizards
  An orc priest (D:3)
  5 gnolls
  4 adders (D:3)
  6 worms
  2 dart slugs (D:1)
  5 leopard geckos
  13 orcs
  4 ball pythons
  5 giant cockroaches
  12 goblins
  9 hobgoblins
  19 jackals
  7 kobolds
  A quokka (D:2)
  5 bats
  6 frilled lizards
  12 rats
119 creatures vanquished.

Notes
Turn   | Place    | Note
-------+----------+-------------------------------------------
     0 | D:1      | Klosterheim the Deep Elf Conjurer began the quest for the Orb.
     0 | D:1      | Reached XP level 1. HP: 10/10 MP: 6/6
   113 | D:1      | Reached XP level 2. HP: 15/15 MP: 1/8
   244 | D:1      | Reached skill level 5 in Conjurations
   593 | D:1      | Reached XP level 3. HP: 19/19 MP: 7/10
  1661 | D:2      | Noticed Sigmund
  1949 | D:2      | Reached XP level 4. HP: 24/24 MP: 10/12
  1954 | D:2      | Learned a level 3 spell: Dazzling Spray
  1957 | D:2      | Learned a level 2 spell: Searing Ray
  2404 | D:2      | Killed Sigmund
  2404 | D:2      | Reached skill level 5 in Spellcasting
  2404 | D:2      | Reached skill level 6 in Conjurations
  2404 | D:2      | Reached XP level 5. HP: 14/28 MP: 11/15
  2610 | D:2      | Found a bloodstained altar of Trog.
  2913 | D:3      | Reached XP level 6. HP: 32/32 MP: 14/16
  3027 | D:3      | Learned a level 4 spell: Iskenderun's Mystic Blast
  3038 | D:3      | Reached skill level 7 in Conjurations
  4752 | D:4      | Noticed Koga's ghost (amateur GrFi)
  4763 | D:5      | Entered Level 5 of the Dungeon
  4897 | D:5      | Noticed feelmyfire's ghost (novice DECj)
  4924 | D:5      | Killed from afar by feelmyfire's ghost

Vault maps used:
D:1:      dpeg_arrival_simpleton_b
D:2:      trog_book, uniq_sigmund
D:3:      kennysheep_the_goblin_king, first_bread, hangedman_decor_growths
D:4:      grunt_temple_overflow_lords_of_destruction
D:5:      serial_shops, nicolae_shop_waterfront, kennysheep_decorative_pillar,
          uniq_iyjb

Skill      XL: |  1  2  3  4  5  6 |
---------------+-------------------+-----
Conjurations   | 5 6 7 |  7.6
Spellcasting   | 4 5 6 |  6.4
Dodging        | |  2.8
Stealth        | |  2.4

Action                   |  1- 3 |  4- 6 || total
-------------------------+-------+-------++-------
Melee: Whip              |       |     7 ||     7
 Cast: Magic Dart        |   104 |   126 ||   230
       Searing Ray       |       |    10 ||    10
       Dazzling Spray    |       |     5 ||     5
       Iskenderun's Myst |       |     7 ||     7
  Use: Scroll            |     1 |     6 ||     7
       Potion            |       |     8 ||     8
 Stab: Invisible         |       |     1 ||     1
  Eat: Chunk             |     3 |     9 ||    12
Armor: Robe              |       |     4 ||     4
Dodge: Dodged            |     9 |    25 ||    34
